 Dungeon Crawl Stone Soup version 0.22.1-6-g1668fe2 (webtiles) character file.

1025 Kairos the Chopper (level 8, -6/42 HPs)
             Began as a Vine Stalker Fighter on Jan 23, 2019.
             Killed by divine providence
             ... invoked by an orc priest
              (13 damage)
             ... on level 5 of the Dungeon.
             The game lasted 00:05:28 (3329 turns).

Kairos the Chopper (Vine Stalker Fighter)           Turns: 3329, Time: 00:05:28

Health: -6/42      AC: 11    Str: 21    XL:     8   Next: 23%
Magic:  0/9        EV:  9    Int:  8    God:
Gold:   170        SH: 10    Dex: 14    Spells: 7/7 levels left

rFire    . . .     SeeInvis .   a - +5 war axe
rCold    . . .     Gourm    .   c - +0 shield
rNeg     . . .     Faith    .   p - +2 ring mail {MR+}
rPois    .         Spirit   +   (no helmet)
rElec    .         Reflect  .   q - +0 cloak
rCorr    .         Harm     .   r - +0 pair of gloves
MR       ++...                  j - +0 pair of boots
Stlth    +.........             (no amulet)
HPRegen  0.54/turn              A - ring of wizardry
MPRegen  0.11/turn              (no ring)

@: no status effects
A: fangs 3, regeneration 1, magic shield, antimagic bite, no potion heal 3, rot
immunity
a: no special abilities


You were on level 5 of the Dungeon.
You were hungry.

You visited 1 branch of the dungeon, and saw 5 of its levels.

You collected 170 gold pieces.

Inventory:

Hand Weapons
 a - a +5 war axe (weapon)
 y - a +1 flail of protection
Armour
 b - a +0 scale mail
 c - a +0 shield (worn)
 j - a +0 pair of boots (worn)
 p - a +2 ring mail of magic resistance (worn)
 q - a +0 cloak (worn)
 r - a +0 pair of gloves (worn)
Jewellery
 A - a ring of wizardry (left hand)
Scrolls
 h - 2 scrolls of fog
 m - 2 scrolls of magic mapping {unknown}
 n - 2 scrolls of remove curse
 s - a scroll of fear
 t - a scroll of amnesia
 v - a scroll of immolation {unknown}
 w - a scroll of random uselessness {unknown}
 x - a scroll of teleportation {unknown}
Potions
 d - a potion of might
 e - 3 potions of curing {unknown}
 g - a potion of haste {unknown}
 i - a potion of agility {unknown}
 k - a potion of degeneration {unknown}
 l - 3 potions of magic {unknown}
 o - a potion of lignification {unknown}
 u - a potion of berserk rage {unknown}
Comestibles
 f - 7 rations
 z - 3 chunks of flesh


   Skills:
 + Level 3.9 Fighting
 + Level 6.0 Axes
 + Level 4.1 Armour
 + Level 1.2 Dodging
 + Level 1.1 Stealth
 + Level 4.4 Shields


You had 7 spell levels left.
You didn't know any spells.
Your spell library contained the following spells:

 Spells                   Type           Power        Failure   Level  Hunger
 Summon Small Mammal      Summ           #...         69%         1    ##.....
 Call Imp                 Summ           #.......     82%         2    ###....
 Call Canine Familiar     Summ           #.......     96%         3    ####...
 Summon Guardian Golem    Hex/Summ       #.......     96%         3    ####...
 Summon Ice Beast         Ice/Summ       #.......     100%        4    #####..
 Summon Lightning Spire   Summ/Air       #.......     100%        4    #####..


Dungeon Overview and Level Annotations

Branches:
Dungeon (5/15)
 Temple: D:4-7

Altars:
Ashenzari
Nemelex Xobeh
Xom

Shops:
D:4 *

Annotations:
D:5 Blork the orc


Innate Abilities, Weirdness & Mutations

You have razor-sharp teeth.
Your natural rate of healing is unusually fast.
When hurt, damage is shared between your health and your magic reserves.
Your bite disrupts and absorbs the magic of your enemies.
Potions cannot restore your health.
You are immune to rotting.


Message History

You completely miss something. You closely miss the phantom.
You block the phantom's attack. Something hits you but does no damage.
The orc priest mumbles some strange prayers to Beogh against you.
Beogh smites you!
* * * LOW HITPOINT WARNING * * *
The phantom blinks! x2
You hit the orc priest. Your bite misses the orc priest.
The orc priest is severely wounded.
You hit something. Something hits you but does no damage.
The orc priest mumbles some strange prayers to Beogh against you.
Beogh smites you!
* * * LOW HITPOINT WARNING * * *
Things that are here:
an enchanted dagger; a robe The orc priest miscasts a cantrip.
Found 13 gold pieces.
The orc priest looks satisfied for a moment.
The orc priest mumbles some strange prayers to Beogh against you.
Beogh smites you!
You die...

#.# #.# #)# #†#
#######)#
......WW####
....W..[l..#
##.#######o#######$#
# #....o@...#
#########.#


You could see an orc priest and an orc.

Vanquished Creatures
  A centaur (D:5)
  A bullfrog (D:4)
  A scorpion (D:4)
  A crimson imp (D:5)
  5 hounds
  5 orc wizards
  A centaur skeleton (D:5)
  2 orc priests (D:4)
  4 worker ants
  A hound skeleton (D:4)
  9 adders
  7 gnolls
  An ooze (D:4)
  2 adder skeletons
  3 worms
  A dart slug (D:2)
  6 leopard geckos
  26 orcs
  8 giant cockroaches
  10 goblins
  4 hobgoblins
  10 kobolds
  6 quokkas
  2 ball pythons
  8 bats
  8 frilled lizards
  7 rats (D:1)
140 creatures vanquished.

Notes
Turn   | Place    | Note
-------+----------+-------------------------------------------
     0 | D:1      | Kairos the Vine Stalker Fighter began the quest for the
                  | Orb.
     0 | D:1      | Reached XP level 1. HP: 11/11 MP: 2/2
   115 | D:1      | Reached skill level 2 in Axes
   115 | D:1      | Reached XP level 2. HP: 11/16 MP: 3/3
   487 | D:1      | Reached XP level 3. HP: 14/19 MP: 4/4
   889 | D:2      | Gained mutation: Your natural rate of healing is unusually
                  | fast. [Vine Stalker growth]
   889 | D:2      | Reached XP level 4. HP: 10/23 MP: 5/5
  1252 | D:2      | Reached skill level 3 in Axes
  1497 | D:3      | Reached XP level 5. HP: 28/28 MP: 6/6
  1934 | D:3      | Found a shattered altar of Ashenzari.
  1934 | D:3      | Found a sparkling altar of Nemelex Xobeh.
  2006 | D:3      | Reached XP level 6. HP: 32/32 MP: 7/7
  2403 | D:4      | Reached skill level 4 in Axes
  2404 | D:4      | Found a shimmering altar of Xom.
  2495 | D:4      | Reached XP level 7. HP: 24/36 MP: 4/8
  2513 | D:4      | Reached skill level 1 in Dodging
  2513 | D:4      | Reached skill level 1 in Stealth
  2787 | D:4      | Reached skill level 5 in Axes
  2806 | D:4      | Found Wuufry's General Store.
  3216 | D:5      | Entered Level 5 of the Dungeon
  3306 | D:5      | Gained mutation: You have razor-sharp teeth. [Vine Stalker
                  | growth]
  3306 | D:5      | Reached XP level 8. HP: 42/42 MP: 9/9
  3311 | D:5      | Noticed Blork the orc
  3319 | D:5      | Reached skill level 6 in Axes
  3321 | D:5      | HP: 2/42 [orc priest/divine providence (7)]
  3329 | D:5      | Killed from afar by an orc priest

Skill      XL: |  1  2  3  4  5  6  7  8 |
---------------+-------------------------+-----
Axes           | 2 3 4 5 6 |  6.0
Shields        | 3 4 |  4.4
Armour         | 3 4 |  4.1
Fighting       | 3 |  3.9
Dodging        | 1 |  1.2
Stealth        | 1 |  1.1

Action                   |  1- 3 |  4- 6 |  7- 9 || total
-------------------------+-------+-------+-------++-------
Melee: War axe           |    74 |   159 |   100 ||   333
       Bite              |    18 |    32 |    19 ||    69
  Use: Scroll            |       |    11 |     1 ||    12
  Eat: Chunk             |       |     5 |     3 ||     8
Armor: Scale mail        |    33 |    92 |    24 ||   149
       Ring mail         |       |       |    38 ||    38
Dodge: Dodged            |    20 |    45 |    40 ||   105
Block: Shield            |    42 |    90 |    55 ||   187
